AoeStats
← timmywang50301

Arena

505464246Analyzed
2v2 RM · 22d ago on Sep 9, 2026· 20m 32s· 4 players
Game mode
Random Map
Map size
Medium (4 player)
Population
200
Speed
Normal
Resources
Standard
Victory
Conquest
Starting age
Dark Age
Ending age
Imperial Age
RankedLock teamsTeams togetherTeam positionsShared explorationLock speedFull tech treeHidden civsTurbo modeCheats
Victory
Defeat
🇷🇴 Cumans · Romania
1144
+14
🇨🇳 Mongols · China
1088
+16
🇹🇼 Inca · Taiwan
1097
-15
🇹🇼 Turks · Taiwan
1096
-15
HBforever
9:15 Loom
11:01 Feudal Age
15:33 Castle Age
13:23 Double-Bit Axe
13:32 Horse Collar
14:25 Gold Mining
15:30 Bloodlines
timmywang50301
11:36 Feudal Age
12:44 Double-Bit Axe
16:18 Castle Age
14:11 Horse Collar
18:12 Bow Saw
20:09 Squires
19:32 Champi Runner
20:57 Scale Mail Armor
SwapComends
10:29 Feudal Age
11:19 Double-Bit Axe
11:27 Gold Mining
14:01 Loom
15:04 Fletching
16:37 Padded Archer Armor
犹豫就会败北
1:06 Loom
10:05 Feudal Age
15:21 Castle Age
13:33 Double-Bit Axe
13:55 Horse Collar
16:07 Bloodlines
Connection lost

Rejoining the realm…

Still unreachable

The connection could not be restored.

Session expired

The server has moved on; the page needs a fresh start.